 Dungeon Crawl Stone Soup version 0.28.0 (webtiles) character file.

Game seed: 9428728893252666789

52276 SnakkuSnakku7 the Cleaver (level 14, -5/121 HPs)
             Began as a Purple Draconian Cinder Acolyte on Feb 19, 2022.
             Was a Believer of Ignis.
             Slain by a six-headed hydra (11 damage)
             ... on level 12 of the Dungeon.
             The game lasted 00:33:34 (25603 turns).

SnakkuSnakku7 the Cleaver (DrCA)                   Turns: 25603, Time: 00:33:35

Health: -5/121     AC: 15    Str: 23    XL:     14   Next: 26%
Magic:  15/15      EV: 22    Int: 16    God:    Ignis [**....]
Gold:   1568       SH:  0    Dex: 13    Spells: 15/15 levels left

rFire   + . .      SeeInvis .   b - +2 long sword (flame)
rCold   . . .      Faith    .   (no shield)
rNeg    . . .      Spirit   .   (armour unavailable)
rPois   .          Reflect  .   (helmet restricted)
rElec   .          Harm     .   v - +2 cloak
rCorr   .          Rampage  .   I - +0 pair of fencer's gloves {Riposte Dex+3}
Will    ++...                   D - +2 pair of boots
Stlth   +.........              (no amulet)
HPRegen 0.30/turn               B - +6 ring of strength
MPRegen 0.14/turn               c - +4 ring of evasion

@: no status effects
A: breathe power, AC +8, unfitting armour, cold-blooded
a: Breathe Dispelling Energy, Renounce Religion, Fiery Armour, Foxfire Swarm,
Rising Flame


You were on level 12 of the Dungeon.
You worshipped Ignis.
Ignis was pleased with you.
You visited 2 branches of the dungeon, and saw 18 of its levels.
You also visited: Sewer.

You collected 1961 gold pieces.
You spent 393 gold pieces at shops.

Inventory:

Hand Weapons
 a - a +2 war axe of electrocution
 b - a +2 long sword of flaming (weapon)
Missiles
 t - 26 poisoned darts
 J - 9 javelins (quivered)
 K - 3 throwing nets
 N - 2 silver javelins
Armour
 v - a +2 cloak (worn)
 D - a +2 pair of boots (worn)
 I - the +0 pair of fencer's gloves (worn) {Riposte Dex+3}
   (You acquired it on level 5 of the Lair of Beasts)

   It allows the wearer to riposte with melee weapons, swiftly retaliating
   against missed attacks.
   Dex:       It affects your dexterity (+3).
Jewellery
 c - a +4 ring of evasion (right hand)
 k - a ring of willpower
 B - a +6 ring of strength (left hand)
 C - a ring of wizardry
 F - a ring of protection from fire
Wands
 m - a wand of flame (17)
 u - a wand of polymorph (1)
Scrolls
 d - 2 scrolls of amnesia
 f - 2 scrolls of fog
 g - 2 scrolls of identify
 h - a scroll of holy word
 n - 3 scrolls of vulnerability
 o - 2 scrolls of enchant weapon
 q - a scroll of brand weapon
 s - 2 scrolls of teleportation
 y - 2 scrolls of magic mapping
 z - a scroll of immolation
Potions
 e - 4 potions of flight
 i - 2 potions of cancellation
 j - a potion of ambrosia
 l - 2 potions of curing
 p - a potion of resistance
 r - 2 potions of brilliance
 w - 3 potions of heal wounds
 x - 2 potions of attraction
 A - 4 potions of haste
 E - a potion of might
 H - 2 potions of invisibility
 L - a potion of mutation
Miscellaneous
 M - a phial of floods


   Skills:
 - Level 10.0 Fighting
 - Level 14.7(16.0) Axes
 - Level 10.2(13.8) Maces & Flails
 - Level 6.0 Throwing
 + Level 13.6 Dodging
 - Level 1.2 Spellcasting
 - Level 3.0 Fire Magic


You had 15 spell levels left.
You didn't know any spells.
Your spell library contained the following spells:

 Spells                   Type           Power      Damage    Failure   Level
 Scorch                   Fire           20%        2d6       10%         2
 Freeze                   Ice            0%         1d3       22%         1
 Magic Dart               Conj           0%         1d3       22%         1
 Slow                     Hex            0%         N/A       22%         1
 Sting                    Tmut/Pois      0%         1d3       22%         1
 Blink                    Tloc           0%         N/A       34%         2
 Call Imp                 Summ           0%         N/A       34%         2
 Poisonous Vapours        Pois/Air       0%         N/A       34%         2
 Sublimation of Blood     Necr           0%         N/A       34%         2
 Conjure Flame            Conj/Fire      5%         6-21      36%         3
 Ignite Poison            Fire/Tmut/Pois 4%         N/A       41%         3
 Confusing Touch          Hex            0%         N/A       56%         3
 Frozen Ramparts          Ice            0%         1d2       56%         3
 Lesser Beckoning         Tloc           0%         N/A       56%         3
 Mephitic Cloud           Conj/Pois/Air  0%         N/A       56%         3
 Vampiric Draining        Necr           0%         2d6       56%         3
 Sticky Flame             Conj/Fire      5%         2d3       77%         4
 Airstrike                Air            0%         N/A       92%         4
 Hailstorm                Conj/Ice       0%         3d3       92%         4
 Olgreb's Toxic Radiance  Pois           0%         N/A       92%         4
 Petrify                  Tmut/Erth      0%         N/A       92%         4
 Summon Lightning Spire   Summ/Air       0%         N/A       92%         4
 Blade Hands              Tmut           0%         N/A       99%         5
 Freezing Cloud           Conj/Ice/Air   0%         6-21      99%         5
 Irradiate                Conj/Tmut      0%         3d13      99%         5
 Lightning Bolt           Conj/Air       0%         1d11      99%         5
 Manifold Assault         Tloc           0%         N/A       99%         5
 Yara's Violent Unravell  Hex/Tmut       0%         3d3       99%         5
 Iron Shot                Conj/Erth      0%         9d1       100%        6
 Enfeeble                 Hex            0%         N/A       100%        7
 Storm Form               Tmut/Air       0%         N/A       100%        7
 Maxwell's Capacitive Co  Air            0%         ∞         100%        8
 Animate Armour           Summ/Erth      Unusable   N/A       N/A         4

Dungeon Overview and Level Annotations

Branches:
Dungeon (12/15)            Temple (0/1) D:5            Lair (6/6) D:9
 Shoals (0/4) Lair:3        Snake (0/4) Lair:3        Slime (0/5) Lair:6
    Orc (0/2) D:9           Sewer (visited)

Altars:
Xom
Jiyva

Shops:
D:1 *   D:3 *

Annotations:
Lair:4 1 runed translucent door, Tosithia's ghost, journeyman GrEE


Innate Abilities, Weirdness & Mutations

You can breathe bolts of dispelling energy.
Your rich purple scales are hard. (AC +8)
You cannot fit into any form of body armour.
You are cold-blooded and may be slowed by cold attacks.


Message History

The seven-headed hydra bites you!
The seven-headed hydra closely misses you.
The seven-headed hydra bites you!
* * * LOW HITPOINT WARNING * * *
The seven-headed hydra bites you but does no damage. x2
The seven-headed hydra completely misses you.
Aiming: Iceblast
Press: ? - help, Shift-Dir - straight line The mass of ice explodes!
The iceblast engulfs the seven-headed hydra!
The seven-headed hydra is almost dead.
The now-empty wand crumbles to dust.
The seven-headed hydra bites you but does no damage.
The seven-headed hydra completely misses you.
The seven-headed hydra bites you but does no damage.
The seven-headed hydra misses you.
The seven-headed hydra completely misses you.
The seven-headed hydra bites you!
* * * LOW HITPOINT WARNING * * *
The seven-headed hydra completely misses you.
Unknown command.
You don't have any such object.
Evoke which item? (* to show all) (? for menu, Esc to quit)
Okay, then.
You chop one of the seven-headed hydra's heads off!
The flame cauterises the wound!
You hit the six-headed hydra. You burn the six-headed hydra.
The six-headed hydra is almost dead.
The six-headed hydra bites you but does no damage.
The six-headed hydra completely misses you.
The six-headed hydra bites you but does no damage.
The six-headed hydra barely misses you. The six-headed hydra misses you.
The six-headed hydra bites you.
* * * LOW HITPOINT WARNING * * *
The six-headed hydra bites you!
* * * LOW HITPOINT WARNING * * *
The six-headed hydra misses you.
The six-headed hydra closely misses you.
The six-headed hydra bites you!
You die...

+........# #........#
#........# #........#
#......).# #..).....#
##########........#########
............###'###<.......
........##..#...@D.........
........##..#....!.........
..#.....##..#..............
............#..............
............#######........
###'#######.......#........
....##....#.......+........
....##[...#.......#.......
....##....#.......# .....


You could see a six-headed hydra.

Vanquished Creatures
  A quicksilver ooze (Lair:6)
  A dire elephant (Lair:6)
  Snorg (D:11)
  Josephine (Lair:4)
  Harold (D:9)
  6 hydras
  A merfolk avatar (Lair:6)
  3 boulder beetles
  2 centaur warriors
  2 two-headed ogres
  A catoblepas (Lair:3)
  4 death yaks
  Urug (Lair:5)
  2 sea snakes (Lair:6)
  2 lindwurms
  A mana viper (Lair:6)
  A cyclops (D:11)
  A manticore (D:8)
  Maurice (D:10)
  6 elephants
  5 black mambas
  Maggie (Lair:1)
  12 cane toads
  5 rime drakes
  6 komodo dragons
  Prince Ribbit (D:9)
  A wind drake (Lair:6)
  A dream sheep (shapeshifter) (D:9)
  2 hornets
  4 polar bears
  3 slime creatures (Lair:6)
  14 blink frogs
  A snapping turtle (Lair:6)
  A meliai zombie (D:6)
  54 yaks
  A shadow (D:10)
  4 wraiths (Lair:4)
  5 wyverns
  Eustachio (D:6)
  3 steam dragons
  An acid dragon (D:10)
  12 water moccasins
  Duvessa (D:5)
  3 sky beasts
  2 ice beasts
  3 black bears
  4 ogres
  6 orc warriors
  19 wolves
  A hornet zombie (D:6)
  3 centaurs
  A phantom (D:4)
  A kobold brigand (D:10)
  9 bullfrogs
  A wyvern zombie (D:9)
  A gnoll sergeant (D:11)
  A water moccasin zombie (D:6)
  Dowan (D:5)
  8 killer bees
  3 howler monkeys
  5 centaur zombies
  2 hounds
  8 jellies
  9 orc priests
  A bullfrog skeleton (D:5)
  A centaur skeleton (D:7)
  A gnoll shaman (D:7)
  An iguana (D:4)
  16 orc wizards
  A killer bee zombie (D:8)
  2 hound skeletons (D:4)
  8 gnolls
  11 adders
  A howler monkey skeleton (D:4)
  3 river rats (Sewer)
  A shadow imp (D:3)
  A white imp (D:7)
  2 worms
  2 dart slugs (D:2)
  46 orcs
  10 ball pythons
  6 bats
  11 endoplasms
  3 giant cockroaches
  3 goblins
  5 hobgoblins
  2 jackals (D:2)
  14 kobolds
  9 quokkas
  8 frilled lizards
  12 rats
450 creatures vanquished.

Vanquished Creatures (others)
  A steam dragon (D:7)
  A bush (Lair:6)
  42 foxfires
  18 fungi
  38 plants
100 creatures vanquished.

Grand Total: 550 creatures vanquished

Notes
Turn   | Place    | Note
-------+----------+-------------------------------------------
     0 | D:1      | SnakkuSnakku7 the Draconian Cinder Acolyte began the quest
                  | for the Orb.
     0 | D:1      | Reached XP level 1. HP: 19/19 MP: 2/2
   128 | D:1      | Reached XP level 2. HP: 8/26 MP: 3/3
   525 | D:1      | Found Osaackimn's General Store.
   767 | D:1      | Reached XP level 3. HP: 19/31 MP: 4/4
  1136 | D:2      | Found a faded altar of an unknown god.
  1634 | D:3      | Reached XP level 4. HP: 33/38 MP: 5/5
  1687 | D:3      | Reached skill level 5 in Maces & Flails
  1856 | D:3      | Noticed a black bear
  1869 | D:3      | Killed a black bear
  1870 | D:3      | Reached XP level 5. HP: 45/45 MP: 6/6
  2111 | D:3      | Noticed an ice beast
  2124 | D:3      | Killed an ice beast
  2125 | D:3      | Reached XP level 6. HP: 50/51 MP: 7/7
  2131 | D:3      | Found Plog's Assorted Antiques.
  2137 | D:3      | Bought a scroll labelled YLEVET VIOTECH for 22 gold pieces
  2137 | D:3      | Bought a scroll labelled YLEVET VIOTECH for 22 gold pieces
  2137 | D:3      | Bought a scroll labelled QIHALY DENEBRA for 22 gold pieces
  2666 | D:4      | Found a glowing drain.
  2687 | Sewer    | Entered a sewer
  3364 | D:4      | Noticed a water moccasin
  3374 | D:4      | Killed a water moccasin
  3386 | D:4      | Your scales start taking on a rich purple colour.
  3386 | D:4      | Reached XP level 7. HP: 53/57 MP: 8/8
  3820 | D:5      | Entered Level 5 of the Dungeon
  3874 | D:5      | Found a shimmering altar of Xom.
  3875 | D:5      | Found a shimmering altar of Xom.
  3877 | D:5      | Found a shimmering altar of Xom.
  3878 | D:5      | Found a shimmering altar of Xom.
  4040 | D:5      | Found a staircase to the Ecumenical Temple.
  4372 | D:5      | Noticed Dowan
  4373 | D:5      | Noticed Duvessa
  4451 | D:5      | Killed Duvessa
  4452 | D:5      | Reached XP level 8. HP: 17/63 MP: 9/9
  4465 | D:5      | Killed Dowan
  4466 | D:5      | Reached skill level 10 in Maces & Flails
  5306 | D:6      | Reached skill level 1 in Axes
  5347 | D:6      | Reached skill level 2 in Axes
  5418 | D:6      | Reached skill level 3 in Axes
  5645 | D:6      | Reached skill level 4 in Axes
  5988 | D:6      | Noticed Eustachio
  6022 | D:6      | Killed Eustachio
  6023 | D:6      | Reached skill level 5 in Axes
  6178 | D:6      | Reached skill level 6 in Axes
  6297 | D:6      | Reached XP level 9. HP: 58/70 MP: 10/10
  6593 | D:6      | Reached skill level 7 in Axes
  7096 | D:6      | Reached skill level 8 in Axes
  7324 | D:7      | Reached skill level 9 in Axes
  7970 | D:3      | Bought a pair of runed boots for 165 gold pieces
  8060 | D:1      | Bought a scroll of fear for 42 gold pieces
  8060 | D:1      | Bought a potion of haste for 120 gold pieces
  8118 | D:3      | Identified a scroll of acquirement
  8118 | D:3      | Acquired 757 gold pieces
  8218 | D:8      | Noticed a centaur warrior
  8368 | D:7      | HP: 1/70 [orc warrior (13)]
  8437 | D:7      | HP: 3/70 [orc warrior (12)]
  8969 | D:7      | Killed a centaur warrior
  8970 | D:7      | Reached skill level 10 in Axes
  8970 | D:7      | Reached XP level 10. HP: 50/77 MP: 11/11
  9104 | D:8      | Noticed a manticore
  9979 | D:8      | Noticed a centaur warrior
 10131 | D:8      | Killed a centaur warrior
 10132 | D:8      | Reached skill level 11 in Axes
 10497 | D:8      | Killed a manticore
 10498 | D:8      | Reached skill level 12 in Axes
 11103 | D:9      | Found a staircase to the Orcish Mines.
 11117 | D:9      | Noticed a six-headed hydra
 11117 | D:9      | Noticed a cyan ugly thing
 11117 | D:9      | Noticed a rakshasa
 11117 | D:9      | Noticed a cyclops
 11121 | D:9      | Noticed a death knight
 11125 | D:9      | HP: 2/77 [cyan ugly thing (12)]
 11706 | D:9      | Found a staircase to the Lair.
 11711 | D:9      | Noticed Prince Ribbit
 11723 | D:9      | Killed Prince Ribbit
 11845 | D:9      | Reached skill level 13 in Axes
 11860 | Lair:1   | Entered Level 1 of the Lair of Beasts
 11904 | Lair:1   | Noticed a cane toad
 12157 | Lair:1   | Killed a cane toad
 12176 | Lair:1   | Reached XP level 11. HP: 82/82 MP: 12/12
 12325 | Lair:1   | Reached skill level 14 in Axes
 12334 | Lair:1   | HP: 4/123 [cane toad (3)]
 12653 | D:10     | Entered Level 10 of the Dungeon
 12953 | D:10     | Reached skill level 5 in Fighting
 13575 | D:10     | Noticed Maurice
 13587 | D:10     | Killed Maurice
 13944 | D:9      | Noticed an eight-headed hydra
 13966 | D:9      | Noticed Harold
 13968 | D:9      | Killed an eight-headed hydra
 13985 | D:9      | Killed Harold
 13999 | D:9      | Noticed a two-headed ogre
 14482 | Lair:1   | Noticed an eight-headed hydra
 14490 | Lair:1   | Killed an eight-headed hydra
 14491 | Lair:1   | Reached skill level 10 in Fighting
 14491 | Lair:1   | Reached skill level 1 in Dodging
 14596 | Lair:1   | Identified the +0 scimitar of Lougyoli {spect, rN+ Dex+4
                  | SInv}
 14611 | Lair:1   | Reached XP level 12. HP: 74/106 MP: 13/13
 14632 | Lair:1   | Noticed Maggie
 15239 | Lair:1   | Killed Maggie
 15381 | Lair:1   | Reached skill level 5 in Dodging
 16131 | Lair:2   | Noticed a boulder beetle
 16149 | Lair:2   | Killed a boulder beetle
 16503 | Lair:2   | Identified the +1 robe "Juumoido" {Str+5 Dex+4}
 16651 | Lair:3   | Found a staircase to the Shoals.
 17231 | Lair:3   | Noticed a four-headed hydra
 17231 | Lair:3   | Noticed a boulder beetle
 17262 | Lair:3   | Killed a six-headed hydra
 17327 | Lair:3   | Found a staircase to the Snake Pit.
 17366 | Lair:3   | Killed a boulder beetle
 17384 | Lair:3   | Reached skill level 10 in Dodging
 17648 | Lair:3   | Reached XP level 13. HP: 83/113 MP: 14/14
 17833 | Lair:3   | Reached skill level 1 in Throwing
 18470 | Lair:4   | Found a runed translucent door.
 18474 | Lair:4   | Noticed Tosithia's ghost (journeyman GrEE)
 18686 | Lair:4   | Noticed Josephine
 18726 | Lair:4   | Killed Josephine
 19682 | Lair:5   | Reached skill level 5 in Throwing
 20011 | Lair:5   | Noticed Urug
 20040 | Lair:5   | Killed Urug
 20166 | Lair:5   | Acquired the +0 pair of fencer's gloves {Riposte Dex+3}
 20166 | Lair:5   | Found the +0 pair of fencer's gloves {Riposte Dex+3}
 21011 | Lair:6   | Entered Level 6 of the Lair of Beasts
 21069 | Lair:6   | Noticed a dire elephant
 21106 | Lair:6   | Killed a dire elephant
 21170 | Lair:6   | Noticed a quicksilver ooze
 21178 | Lair:6   | Killed a quicksilver ooze
 21390 | Lair:6   | Noticed Nessos
 21395 | Lair:6   | Noticed Nessos
 21395 | Lair:6   | Nessos changed into Nessos the mana viper
 21413 | Lair:6   | Killed Nessos the mana viper
 21811 | Lair:6   | Found a runed translucent door.
 21811 | Lair:6   | Found a viscous altar of Jiyva.
 22895 | Lair:6   | Found a staircase to the Slime Pits.
 23335 | Lair:6   | Reached XP level 14. HP: 121/121 MP: 15/15
 24225 | D:11     | Noticed Snorg
 24242 | D:11     | Killed Snorg
 25603 | D:12     | HP: 6/121 [six-headed hydra (10)]
 25603 | D:12     | Slain by a six-headed hydra

Illustrated notes

Levels and vault maps discovered:
D:1:      minmay_arrival_radiant_lines, layout_rooms, serial_shops,
          nicolae_shop_hallway_plus, minivault_27, minmay_pentomino_u2
D:2:      layout_loops_ring, hellmonk_ecumenical_altar_pennies_from_heaven
D:3:      layout_basic, serial_shops, nicolae_shop_overgrown_old_shop
D:4:      layout_rooms, portal_sewer_entry_f
D:5:      layout_gridville, xom_redecorated, temple_pool_b, uniq_duvessa
D:6:      layout_loops_ring, kennysheep_generic_room_15, uniq_eustachio
D:7:      layout_cave_pools, chequers_serial_rivers_small_b,
          hangedman_misty_isle
D:8:      layout_rooms
D:9:      minmay_the_grid_four_pointed_star
          [minmay_the_grid_triangle_9x9_descending_squares,
          minmay_the_grid_triangle_9x9_limited_checkers,
          minmay_the_grid_triangle_9x9_sparse_checkered,
          minmay_the_grid_triangle_9x9_from_above,
          minmay_the_grid_prize_four_corners], layout_basic,
          uniq_prince_ribbit1, uniq_harold
D:10:     layout_long_grid, grunt_ministairs_15, uniq_maurice
D:11:     layout_rooms, uniq_snorg
D:12:     layout_stronghold, hive_lemuel
Lair:1:   layout_regular_city, grunt_megastairs_1, uniq_maggie
Lair:2:   layout_cave_shapes
Lair:3:   layout_big_grid, shoals_dummy_entry, dummy_snake_entry,
          beast_lair_carwin_7, grunt_megastairs_3
Lair:4:   layout_cave_pods, ebering_ghost_reflecting_pool, uniq_josephine
Lair:5:   layout_cave_pods, chequers_serial_rivers_micro_b, uniq_urug
Lair:6:   gammafunk_lair_ancient_temple, layout_gridlike, slime_altar_2,
          nicolae_lair_time_for_slime, uniq_nessos

Skill      XL: |  1  2  3  4  5  6  7  8  9 10 11 12 13 14 |
---------------+-------------------------------------------+-----
Maces & Flails | 4 6 8 9 10 | 10.2
Axes           | 6 10 13 14 | 14.7
Fighting       | 10 | 10.0
Dodging        | 2 10 12 13 | 13.6
Throwing       | 6 |  6.0
Spellcasting   | |  1.2
Fire Magic     | |  3.0

Action                   |  1- 3 |  4- 6 |  7- 9 | 10-12 | 13-15 || total
-------------------------+-------+-------+-------+-------+-------++-------
Melee: Mace              |   124 |   147 |    99 |       |       ||   370
       Tailslap          |    12 |    18 |    27 |    83 |    97 ||   237
       Punch             |       |     2 |     4 |     6 |     5 ||    17
       War axe           |       |       |   210 |   631 |   439 ||  1280
       Long sword        |       |       |       |       |     4 ||     4
Throw: Dart              |       |       |     7 |    11 |    13 ||    31
       Throwing net      |       |       |       |     2 |       ||     2
Invok: Foxfire Swarm     |       |     1 |       |       |     1 ||     2
       Fiery Armour      |       |     2 |     1 |     1 |     2 ||     6
 Abil: Breathe Dispellin |       |       |    13 |     4 |     5 ||    22
Evoke: Wand              |       |       |       |    16 |    11 ||    27
  Use: Scroll            |       |     2 |    14 |    15 |     5 ||    36
       Potion            |       |       |     4 |    11 |     1 ||    16
 Stab: Sleeping          |     1 |     2 |       |       |       ||     3
       Held in net/web   |       |       |       |     3 |       ||     3
       Petrified         |       |       |       |       |     1 ||     1
Armor: Skin              |    45 |    48 |   158 |   279 |   121 ||   651
Dodge: Dodged            |    85 |    80 |   188 |   455 |   405 ||  1213
       Rpst.: War axe    |       |       |       |       |    67 ||    67
